 Dungeon Crawl Stone Soup version 0.18-a0-775-g4d9e04e (webtiles) character file.

228 JokEr the Skirmisher (level 5, -4/48 HPs)
             Began as a Draconian Fighter on Dec 13, 2015.
             Slain by JokEr's ghost (13 damage)
             ... on level 3 of the Dungeon.
             The game lasted 00:03:39 (2995 turns).

JokEr the Skirmisher (Draconian Fighter)            Turns: 2995, Time: 00:03:39

Health: -4/48      AC:  5    Str: 20    XL:     5   Next: 71%
Magic:  5/5        EV:  5    Int:  8    God:
Gold:   66         SH:  9    Dex: 10    Spells: 0 memorised, 4 levels left

rFire  . . .     SeeInvis .     a - +1 long sword
rCold  . . .     Clarity  .     (armour unavailable)
rNeg   . . .     SustAt   .     b - +0 shield
rPois  .         Gourm    .     (helmet restricted)
rElec  .         Spirit   .     (no cloak)
rCorr  .         Dismiss  .     (no gloves)
rMut   .         Stasis   .     (no boots)
MR     +....                    (no amulet)
Stlth  +.........               (no ring)
                                i - ring of protection from magic

@: somewhat resistant to hostile enchantments, very unstealthy
A: unfitting armour, cold-blooded, AC +5
a: no special abilities


You were on level 3 of the Dungeon.
You were not hungry.

You visited 1 branch of the dungeon, and saw 3 of its levels.

You collected 66 gold pieces.

Inventory:

Hand Weapons
 a - a +1 long sword (weapon)
Armour
 b - a +0 shield (worn)
Jewellery
 i - a ring of protection from magic (left hand)
Scrolls
 c - 3 scrolls of fog {unknown}
 e - 3 scrolls of identify
 f - a scroll of remove curse
Potions
 g - 3 potions of flight {unknown}
 h - 2 potions of mutation {unknown}
 k - 2 potions of curing {unknown}
Comestibles
 d - a bread ration
 j - 2 meat rations


   Skills:
 + Level 5.4 Fighting
 + Level 4.5 Long Blades
 - Level 2.6 Dodging
 - Level 3.0 Shields


You had 4 spell levels left.
You didn't know any spells.

Dungeon Overview and Level Annotations

Branches:
Dungeon (3/15)

Altars:
Trog

Annotations:
D:3 JokEr's ghost, amateur DrFi


Innate Abilities, Weirdness & Mutations

Your plain brown scales are hard (AC +5).
Your body does not fit into most forms of armour.
You are cold-blooded and may be slowed by cold attacks.


Message History

JokEr's ghost hits you!
You hit JokEr's ghost but do no damage.
You tail-slap JokEr's ghost, but do no damage.
JokEr's ghost is lightly damaged.
You block JokEr's ghost's attack.
You hit JokEr's ghost but do no damage. You tail-slap JokEr's ghost.
JokEr's ghost is lightly damaged.
JokEr's ghost hits you!
You closely miss JokEr's ghost.
Your tail-slap misses JokEr's ghost.
JokEr's ghost is lightly damaged.
JokEr's ghost hits you! JokEr's ghost hits you!
* * * LOW HITPOINT WARNING * * *
Drink which item? (? for menu, Esc to quit)
Okay, then.
Read which item? (? for menu, Esc to quit)
Okay, then.
There is a stone staircase leading up here.
JokEr's ghost hits you!
You die...

#.# #.# ###### #.# ..>...## #.#
##.....###.## #......##...##
#......#.....##
#......##..W..#########
###......)...@#.........#
.....##.###....#######.######
######..###.# #.#### #.......#
#........##.###'## ##...###.# #.#
#......##...## #.....##.# #.#
##.#.####.....## #.....##>#
#.###..#.###.......## #.....##.#
#.##...#.##.........####.....##.#
((((......'.......).'.)).>...##.#


You could see JokEr's ghost.

Vanquished Creatures
  A phantom (D:3)
  Crazy Yiuf (D:3)
  3 gnolls (D:3)
  3 adders (D:2)
  An ooze (D:2)
  A worm (D:2)
  A giant gecko (D:1)
  2 giant cockroaches
  10 goblins
  5 hobgoblins
  A quokka (D:3)
  4 bats
  3 giant newts
  5 kobolds
  9 rats
50 creatures vanquished.

Notes
Turn   | Place    | Note
--------------------------------------------------------------
     0 | D:1      | JokEr the Draconian Fighter began the quest for the Orb.
     0 | D:1      | Reached XP level 1. HP: 19/19 MP: 1/1
   316 | D:1      | Reached XP level 2. HP: 27/27 MP: 2/2
   671 | D:1      | Reached skill level 4 in Fighting
  1118 | D:2      | Reached XP level 3. HP: 33/33 MP: 3/3
  1132 | D:2      | Found a bloodstained altar of Trog.
  1501 | D:2      | Reached XP level 4. HP: 27/41 MP: 4/4
  1894 | D:3      | Noticed a phantom
  1926 | D:3      | Killed a phantom
  1926 | D:3      | Reached skill level 5 in Fighting
  1926 | D:3      | Reached XP level 5. HP: 14/48 MP: 5/5
  2253 | D:3      | Noticed Crazy Yiuf
  2262 | D:3      | Killed Crazy Yiuf
  2976 | D:3      | Noticed JokEr's ghost (amateur DrFi)
  2995 | D:3      | Slain by JokEr's ghost

Vault maps used:
D:1:      dpeg_arrival_water_temple_mockup
D:2:      lemuel_round_altar, first_bread
D:3:      kennysheep_the_goblin_king, marbit_many_paths, uniq_crazy_yiuf_cottage

Action                   |  1- 3 |  4- 6 || total
-------------------------+-------+-------++-------
Melee: Long sword        |    94 |    80 ||   174
  Use: Scroll            |     3 |     2 ||     5
       Potion            |       |     2 ||     2
 Stab: Distracted        |     1 |       ||     1
       Sleeping          |     1 |       ||     1
  Eat: Chunk             |     1 |     1 ||     2
       Bread ration      |       |     1 ||     1
